 Dungeon Crawl Stone Soup version 0.29.1-1-gd02db69 (webtiles) character file.

Game seed: 13544957493044508546

46 malesh the Sneak (level 3, -3/16 HPs)
             Began as a Vine Stalker Enchanter on Oct 19, 2022.
             Slain by Natasha (4 damage)
             ... on level 2 of the Dungeon.
             The game lasted 00:03:08 (1895 turns).

malesh the Sneak (Vine Stalker Enchanter)           Turns: 1895, Time: 00:03:09

Health: -3/16      AC:  2    Str: 10    XL:     3   Next: 66%
Magic:  0/7        EV: 12    Int: 17    God:
Gold:   89         SH:  0    Dex: 14    Spells: 2/7 levels left

rFire   . . .      SeeInvis .   a - +1 dagger
rCold   . . .      Faith    .   (no shield)
rNeg    . . .      Spirit   +   b - +0 robe
rPois   .          Reflect  .   (no helmet)
rElec   .          Harm     .   (no cloak)
rCorr   .          Rampage  .   (no gloves)
Will    .....                   (no boots)
Stlth   +++.......              (no amulet)
HPRegen 0.05/turn               (no ring)
MPRegen 0.10/turn               (no ring)

@: slowed, invisible, very slow
A: fangs 2, magic shield, antimagic bite, no potion heal 2
a: no special abilities


You were on level 2 of the Dungeon.
You visited 1 branch of the dungeon, and saw 2 of its levels.

You collected 89 gold pieces.

Inventory:

Hand Weapons
 a - a +1 dagger (weapon)
Armour
 b - a +0 robe (worn)
Scrolls
 f - 2 scrolls of identify {unknown}
 h - a scroll of poison {unknown}
 i - a scroll of enchant armour {unknown}
 j - a scroll of butterflies {unknown}
Potions
 c - a potion of invisibility
 d - 5 potions of curing {unknown}
 e - 2 potions of lignification {unknown}
 g - a potion of berserk rage {unknown}


   Skills:
 + Level 1.2 Short Blades
 + Level 1.6 Dodging
 + Level 4.4 Stealth
 + Level 2.6 Spellcasting
 + Level 3.4 Hexes
 + Level 0.5 Ice Magic


You had 2 spell levels left.
You knew the following spells:

 Your Spells              Type           Power      Damage    Failure   Level
a - Ensorcelled Hibernat  Hex/Ice        18%        N/A       12%         2
b - Confusing Touch       Hex            14%        N/A       13%         3

Your spell library contained the following spells:

 Spells                   Type           Power      Damage    Failure   Level
 Tukima's Dance           Hex            14%        N/A       13%         3
 Dazzling Flash           Conj/Hex       16%        N/A       26%         3


Dungeon Overview and Level Annotations

Branches:
Dungeon (2/15)

Altars:

Annotations:
D:1 1 transporter
D:2 Natasha


Innate Abilities, Weirdness & Mutations

You have extremely sharp teeth.
When hurt, damage is shared between your health and your magic reserves.
Your bite disrupts and absorbs the magic of your enemies.
Potions cannot restore your health.


Message History

The goblin looks drowsy...
Natasha casts a spell.
The helpless goblin fails to defend itself.
You impale the goblin!!
You kill the goblin!
The frilled lizard resists with significant effort.
A rat comes into view.
The frilled lizard bites you.
You hit the frilled lizard.
You kill the frilled lizard!
You hit the shadow imp.
The shadow imp is heavily wounded.
The shadow imp hits you. Natasha attacks as you move away! Natasha claws you.
The shadow imp attacks as you move away!
The shadow imp closely misses you. Natasha attacks as you move away!
Natasha claws you.
Natasha wildly gestures.
Natasha glows brightly for a moment.
The shadow imp attacks as you move away!
The shadow imp hits you. Natasha attacks as you move away!
Natasha barely misses you. The shadow imp gestures at you.
Pain shoots through your body!
You are too injured to fight recklessly!
You are too injured to fight recklessly!
You are too injured to fight recklessly!
You fade into invisibility!
The shadow imp disappears in a puff of smoke!
Natasha barely misses you.
You hit Natasha.
Natasha is moderately wounded.
Natasha stares at you and mumbles some strange words.
You feel yourself slow down.
You hit Natasha.
Natasha is moderately wounded.
Natasha claws you!
* * * LOW HITPOINT WARNING * * *
Natasha claws you.
You die...

#.# #.# #.#
#.######
#..)...##
#<#.....#
#.#.##..#
#.#.#§..#
#..@hr..#
###.#§§§#
...#...########
#####r.§........
#..#########
#..# #####..#
#......#
#.###)##


You could see Natasha and a rat (unable to see you).

Vanquished Creatures
  A gnoll (D:1)
  2 dart slugs (D:1)
  A ball python (D:1)
  3 endoplasms (D:1)
  2 giant cockroaches (D:1)
  5 goblins
  5 hobgoblins (D:1)
  2 quokkas (D:1)
  2 bats (D:1)
  2 frilled lizards
  3 kobolds (D:1)
28 creatures vanquished.

Vanquished Creatures (others)
  3 plants (D:2)
3 creatures vanquished.

Grand Total: 31 creatures vanquished

Notes
Turn   | Place    | Note
-------+----------+-------------------------------------------
     0 | D:1      | malesh the Vine Stalker Enchanter began the quest for the
                  | Orb.
     0 | D:1      | Reached XP level 1. HP: 9/9 MP: 4/4
    23 | D:1      | Reached skill level 1 in Short Blades
    58 | D:1      | Found a faded altar of an unknown god.
   100 | D:1      | Reached skill level 4 in Stealth
   100 | D:1      | Reached XP level 2. HP: 4/13 MP: 6/6
   103 | D:1      | Learned a level 2 spell: Ensorcelled Hibernation
   788 | D:1      | Reached XP level 3. HP: 8/16 MP: 0/7
  1494 | D:1      | Learned a level 3 spell: Confusing Touch
  1879 | D:2      | Noticed Natasha
  1895 | D:2      | Slain by Natasha

Illustrated notes

Levels and vault maps discovered:
D:1:      spicycebolla_arrival_risky_transporter, layout_loops_corners,
          hellmonk_ecumenical_altar_blasted, chequers_serial_rivers_micro_b,
          minmay_domino_4
D:2:      layout_basic, basic_altar, serial_bayou_lagoon_a,
          uniq_crazy_yiuf_cottage, uniq_natasha

Skill      XL: |  1 |
---------------+----+-----
Short Blades   | 1 |  1.2
Stealth        | 4 |  4.4
Dodging        | |  1.6
Spellcasting   | |  2.6
Hexes          | |  3.4
Ice Magic      | |  0.5

Action                   || total
-------------------------++-------
Melee: Dagger            ||    51
       Bite              ||     8
 Cast: Ensorcelled Hiber ||    21
  Use: Potion            ||     1
 Stab: Sleeping          ||    17
Armor: Robe              ||     7
Dodge: Dodged            ||    22
